[Event "2022 John Brooke Cup"]
[Site "Woodvale, Perth WA AUS"]
[Date "2022.09.21"]
[Round "7"]
[White "Massam, Justin"]
[Black "Hounsome, David"]
[Result "1-0"]
[EventDate "2022.08.10"]
[EventType "swiss"]
[EventRounds "7"]
[EventCountry "AUS"]
[TimeControl "3600+30"]
[WhiteElo "1442"]
[BlackElo "1334"]
[ECO "D02"]
[PlyCount "81"]

1. d4 d5 2. Nf3 Nf6 3. Bf4 e6 4. Nbd2 c5 5. c3 Bd6 6. e3 Qc7 7. Bxd6 Qxd6 8.
Ne5 Nbd7 9. Ndf3 O-O 10. Bd3 b6 11. O-O Bb7 12. Re1 Rac8 13. Qa4 c4 14. Be2 a6
15. Rac1 b5 16. Qd1 Ne4 17. Nxd7 Qxd7 18. Ne5 Qd6 19. a4 f6 20. Nf3 f5 21. Ne5
Rf6 22. f4 Rh6 23. Rf1 Qe7 24. Nf3 Bc6 25. axb5 axb5 26. Ra1 Be8 27. g3 Bh5 28.
Ne5 Nf6 29. Bxh5 Rxh5 30. Ra6 Rh6 31. Qe2 Ne4 32. Rfa1 Rf6 33. Ra7 Rc7 34. Ra8+
Rf8 35. R1a5 Rb7 36. Qd1 g6 37. Qa1 Rxa8 38. Rxa8+ Kg7 39. Qa6 Nf6 40. Nc6 Qd7
41. Nd8 1-0

[Event "2022 John Brooke Cup"]
[Site "Woodvale, Perth WA AUS"]
[Date "2022.09.21"]
[Round "7"]
[White "Lanham, Bruce"]
[Black "Watson, Jake"]
[Result "1-0"]
[EventDate "2022.08.10"]
[EventType "swiss"]
[EventRounds "7"]
[EventCountry "AUS"]
[TimeControl "3600+30"]
[WhiteElo "1168"]
[BlackElo "1085"]
[ECO "A40"]
[PlyCount "109"]

1. d4 e5 2. dxe5 Nc6 3. Nf3 Qe7 4. Bg5 Qc5 5. g3 Nxe5 6. Nxe5 Qxe5 7. Qc1 Qd5
8. Qe3+ Ne7 9. Rg1 h6 10. Bxe7 Bxe7 11. Nc3 Qd6 12. Rd1 Qb4 13. Qc1 O-O 14. a3
Qb6 15. Nd5 Qa5+ 16. b4 Bxb4+ 17. axb4 Qa4 18. c3 a5 19. Nxc7 Ra7 20. Nd5 Re8
21. e3 axb4 22. cxb4 b5 23. Qb1 Bb7 24. Bg2 Re5 25. Nc3 Qa3 26. Na2 Bxg2 27.
Rxg2 d6 28. Rxd6 g6 29. Rd2 Rae7 30. Kf1 Rc7 31. Qb2 Qxb2 32. Rxb2 Rd5 33. Ke2
Rd8 34. Rg1 Ra8 35. Rd1 Rca7 36. Rdd2 Kf8 37. Nc3 Rb7 38. Rd5 Rab8 39. Ra2 Rc8
40. Kd3 Rc4 41. Rb2 Ke7 42. Rxb5 Rxc3+ 43. Kxc3 Rxb5 44. Kc4 Rh5 45. b5 Rxh2
46. b6 Kd7 47. b7 Rxf2 48. b8=Q Rxb2 49. Qxb2 Ke7 50. Qb6 f6 51. Kd5 Kf7 52.
Qe6+ Kg7 53. Qe7+ Kg8 54. Ke6 Kh8 55. Kxf6 1-0

[Event "2022 John Brooke Cup"]
[Site "Woodvale, Perth WA AUS"]
[Date "2022.09.21"]
[Round "7"]
[White "Leech, Martin"]
[Black "Gough, Sebastian"]
[Result "1-0"]
[EventDate "2022.08.10"]
[EventType "swiss"]
[EventRounds "7"]
[EventCountry "AUS"]
[TimeControl "3600+30"]
[WhiteElo "1476"]
[BlackElo "1050"]
[ECO "B00"]
[PlyCount "57"]

1. e4 Nc6 2. d4 e5 3. d5 Nd4 4. c3 Nb5 5. Bxb5 c6 6. Bc4 Bc5 7. Nf3 f6 8. O-O
Qb6 9. b4 Bd6 10. Be3 Qc7 11. Nbd2 cxd5 12. exd5 f5 13. Qe2 e4 14. Bd4 Nf6 15.
Bxf6 gxf6 16. h3 Kf7 17. Nh4 Bh2+ 18. Kh1 Ke7 19. Nxf5+ Kd8 20. Qxe4 Re8 21.
Qh4 Qe5 22. Nd4 Bf4 23. N2f3 Qe7 24. Qxf4 d6 25. Rfe1 Qf7 26. Rxe8+ Qxe8 27.
Qxd6+ Qd7 28. Ne6+ Ke8 29. Qf8# 1-0

[Event "2022 John Brooke Cup"]
[Site "Woodvale, Perth WA AUS"]
[Date "2022.09.21"]
[Round "7"]
[White "De Vas, Senudi"]
[Black "Markou, Victor"]
[Result "1-0"]
[EventDate "2022.08.10"]
[EventType "swiss"]
[EventRounds "7"]
[EventCountry "AUS"]
[TimeControl "3600+30"]
[WhiteElo "1050"]
[BlackElo "1117"]
[ECO "D94"]
[PlyCount "129"]

1. d4 d5 2. c4 Nf6 3. cxd5 Nxd5 4. e3 g6 5. Nf3 Bg7 6. Bd3 O-O 7. Nc3 Nxc3 8.
bxc3 Nd7 9. O-O b6 10. Ba3 Bb7 11. e4 c5 12. Re1 Rc8 13. Qa4 Ra8 14. Bb5 Nb8
15. Rac1 a6 16. Bf1 b5 17. Qd1 c4 18. d5 Re8 19. Bc5 Nd7 20. Bd4 e5 21. Be3 Nf6
22. Bg5 h6 23. Bh4 g5 24. Bg3 Nh5 25. Nxe5 Nxg3 26. Nxf7 Kxf7 27. Qf3+ Kg8 28.
Qxg3 Qf6 29. Qc7 Qe7 30. Qxe7 Rxe7 31. a4 Rae8 32. f3 Bxd5 33. axb5 Bb7 34.
Bxc4+ Kh8 35. bxa6 Ba8 36. Red1 Rc7 37. Bb5 Rf8 38. Rd7 Rxd7 39. Bxd7 Rd8 40.
Rd1 Bxc3 41. Kf2 Ba5 42. Rd6 Kg7 43. Ke3 Kf7 44. Be6+ Ke7 45. Rxd8 Bxd8 46. Bc4
Kd6 47. Kd4 Bf6+ 48. Ke3 Kc5 49. Bd3 Bd4+ 50. Kd2 Bg1 51. h3 Bh2 52. Ke2 Kd4
53. Bc2 Bg1 54. g3 Kc5 55. f4 gxf4 56. gxf4 Kd4 57. e5 Be3 58. e6 Bxf4 59. e7
Bc6 60. a7 Bb5+ 61. Kd1 Ke3 62. e8=Q+ Bxe8 63. a8=Q Bh5+ 64. Kc1 Kd4+ 65. Kb1
1-0

[Event "2023 Perth Chess Club Championship"]
[Site "Woodvale, Perth WA AUS"]
[Date "2023.04.12"]
[Round "1"]
[White "Maris, Rob"]
[Black "Massam, Justin"]
[Result "1-0"]
[ECO "A34"]
[WhiteElo "2050"]
[BlackElo "1507"]
[PlyCount "47"]
[EventDate "2023.04.12"]
[EventType "swiss"]
[EventRounds "7"]
[EventCountry "AUS"]
[TimeControl "3600+30"]

1. c4 e5 2. Nc3 c5 3. Nf3 Nc6 4. e3 Nf6 5. d4 cxd4 6. exd4 e4 7. Ne5 Bb4 8.
Nxc6 dxc6 9. Be2 O-O 10. O-O Re8 11. Be3 Be6 12. Rc1 a6 13. a4 b6 14. Bg5 Bf5
15. d5 Bxc3 16. Rxc3 c5 17. Qd2 Qd6 18. Bf4 Qd7 19. b3 b5 20. Ra1 b4 21. Rg3
Bg4 22. Bg5 Bxe2 23. Bxf6 Bh5 24. Qh6 1-0

[Event "2023 Perth Chess Club Championship"]
[Site "Woodvale, Perth WA AUS"]
[Date "2023.04.12"]
[Round "1"]
[White "Leech, Martin"]
[Black "Lakner, Jay"]
[Result "0-1"]
[ECO "B35"]
[WhiteElo "1424"]
[BlackElo "2047"]
[PlyCount "50"]
[EventDate "2023.04.12"]
[EventType "swiss"]
[EventRounds "7"]
[EventCountry "AUS"]
[TimeControl "3600+30"]

1. e4 c5 2. Nf3 Nc6 3. d4 cxd4 4. Nxd4 g6 5. Nc3 Bg7 6. Be3 Nf6 7. f3 O-O 8.
Bc4 Qb6 9. Bb3 Nxe4 10. Nxe4 Bxd4 11. Bxd4 Qxd4 12. Qxd4 Nxd4 13. O-O-O Nxb3+
14. axb3 d6 15. g4 f5 16. Ng3 fxg4 17. fxg4 Bxg4 18. Rde1 Rae8 19. Re4 Bf3 20.
Rhe1 Bxe4 21. Rxe4 Rf2 22. h4 e5 23. Rg4 Rg2 24. h5 Kf7 25. hxg6+ hxg6 0-1

[Event "2023 Perth Chess Club Championship"]
[Site "Woodvale, Perth WA AUS"]
[Date "2023.04.12"]
[Round "1"]
[White "Saxon, Marc"]
[Black "Hounsome, David"]
[Result "1-0"]
[ECO "C00"]
[WhiteElo "2014"]
[BlackElo "1393"]
[PlyCount "65"]
[EventDate "2023.04.12"]
[EventType "swiss"]
[EventRounds "7"]
[EventCountry "AUS"]
[TimeControl "3600+30"]

1. e4 e6 2. d3 d5 3. Nd2 dxe4 4. Nxe4 Nd7 5. Bd2 Ngf6 6. Bc3 Be7 7. g3 O-O 8.
Bg2 Nxe4 9. Bxe4 Nf6 10. Bg2 c6 11. Ne2 Qc7 12. O-O b5 13. Nd4 Bb7 14. Qe2 Rad8
15. Nb3 c5 16. Ba5 Qc8 17. Bxd8 Rxd8 18. a4 a6 19. axb5 Bxg2 20. Kxg2 axb5 21.
Nd2 Nd5 22. Ra5 Qb7 23. Qf3 Qb6 24. Rfa1 g6 25. Ra7 Nc7 26. Rb7 Qd6 27. Ne4 Qd7
28. Raa7 Rc8 29. Nf6+ Bxf6 30. Qxf6 Qc6+ 31. f3 c4 32. Rxc7 Rxc7 33. Qd8+ 1-0

[Event "2023 Perth Chess Club Championship"]
[Site "Woodvale, Perth WA AUS"]
[Date "2023.04.12"]
[Round "1"]
[White "Gibson, Jacob"]
[Black "Maujean, Jean Michel"]
[Result "1-0"]
[ECO "C65"]
[WhiteElo "1964"]
[BlackElo "1307"]
[PlyCount "39"]
[EventDate "2023.04.12"]
[EventType "swiss"]
[EventRounds "7"]
[EventCountry "AUS"]
[TimeControl "3600+30"]

1. e4 e5 2. Nf3 Nc6 3. Bb5 Nf6 4. O-O Bc5 5. c3 O-O 6. d4 exd4 7. cxd4 Bb6 8.
d5 Ne7 9. Nc3 h6 10. e5 Ne8 11. d6 Ng6 12. a4 a6 13. Bc4 cxd6 14. exd6 Nf6 15.
Qd3 Kh8 16. Bxf7 Rxf7 17. Qxg6 Qf8 18. Ne5 Kg8 19. Bxh6 Ng4 20. Nxf7 1-0

[Event "2023 Perth Chess Club Championship"]
[Site "Woodvale, Perth WA AUS"]
[Date "2023.04.12"]
[Round "1"]
[White "Brooke, John"]
[Black "Plaganyi, Gyula"]
[Result "0-1"]
[ECO "B23"]
[WhiteElo "1301"]
[BlackElo "1935"]
[BlackTitle "CM"]
[PlyCount "44"]
[EventDate "2023.04.12"]
[EventType "swiss"]
[EventRounds "7"]
[EventCountry "AUS"]
[TimeControl "3600+30"]

1. e4 c5 2. Bc4 g6 3. Nc3 Bg7 4. Nge2 Nc6 5. O-O Nf6 6. a3 O-O 7. d3 d6 8. Bg5
h6 9. Bf4 Nh5 10. Be3 Nd4 11. Re1 Kh7 12. Qc1 e5 13. Nd5 b5 14. Ba2 f5 15. c3
Nxe2+ 16. Rxe2 f4 17. Bd2 f3 18. Re1 fxg2 19. Ne3 Qf6 20. Re2 Nf4 21. Qd1 Nh3+
22. Kxg2 Qf3+ 0-1

[Event "2023 Perth Chess Club Championship"]
[Site "Woodvale, Perth WA AUS"]
[Date "2023.04.12"]
[Round "1"]
[White "De Yaak, Peter"]
[Black "Kerr, Carter"]
[Result "1-0"]
[ECO "C58"]
[WhiteElo "1892"]
[BlackElo "1257"]
[PlyCount "55"]
[EventDate "2023.04.12"]
[EventType "swiss"]
[EventRounds "7"]
[EventCountry "AUS"]
[TimeControl "3600+30"]

1. e4 e5 2. Nf3 Nc6 3. Bc4 Nf6 4. Ng5 d5 5. exd5 Na5 6. d3 Bg4 7. f3 Bf5 8. Bd2
Nxc4 9. dxc4 h6 10. g4 Bg6 11. Nh3 Bc5 12. b4 Be7 13. Bc3 O-O 14. O-O e4 15. f4
h5 16. f5 hxg4 17. fxg6 gxh3 18. gxf7+ Rxf7 19. Nd2 e3 20. Nf3 Ne4 21. Bd4 Bg5
22. Qe2 Rf4 23. Bxe3 Rg4+ 24. Kh1 Rg2 25. Qd3 Bf6 26. Qxe4 Bxa1 27. Qe6+ Kh8
28. Qxh3+ 1-0

[Event "2023 Perth Chess Club Championship"]
[Site "Woodvale, Perth WA AUS"]
[Date "2023.04.12"]
[Round "1"]
[White "Ross, Leo"]
[Black "Clarke, Daniel"]
[Result "0-1"]
[ECO "C33"]
[WhiteElo "1233"]
[BlackElo "1880"]
[PlyCount "50"]
[EventDate "2023.04.12"]
[EventType "swiss"]
[EventRounds "7"]
[EventCountry "AUS"]
[TimeControl "3600+30"]

1. e4 e5 2. f4 exf4 3. Bc4 Nc6 4. d4 Qh4+ 5. Kf1 d6 6. Nf3 Qf6 7. Nc3 g5 8. h4
Bh6 9. Nd5 Qd8 10. hxg5 Bg7 11. Bxf4 Bg4 12. c3 Qd7 13. Qd3 Na5 14. Bb3 c6 15.
Nb4 Nxb3 16. axb3 Ne7 17. e5 Ng6 18. Bg3 Bxf3 19. Qxf3 dxe5 20. dxe5 O-O-O 21.
Qe4 Rhe8 22. e6 Rxe6 23. Rxa7 Qd1+ 24. Kf2 Rd2+ 25. Ke3 Qe2# 0-1

[Event "2023 Perth Chess Club Championship"]
[Site "Woodvale, Perth WA AUS"]
[Date "2023.04.12"]
[Round "1"]
[White "Janceski, Alex"]
[Black "Wu, Kobe"]
[Result "0-1"]
[ECO "D10"]
[WhiteElo "1851"]
[BlackElo "1206"]
[PlyCount "58"]
[EventDate "2023.04.12"]
[EventType "swiss"]
[EventRounds "7"]
[EventCountry "AUS"]
[TimeControl "3600+30"]

1. d4 d5 2. c4 c6 3. e3 Nf6 4. Nd2 e6 5. a3 Nbd7 6. Ngf3 Be7 7. Bd3 O-O 8. b4
a5 9. b5 cxb5 10. cxb5 Nb6 11. Bb2 Bd7 12. O-O Rc8 13. h3 Nc4 14. Bxc4 dxc4 15.
Rc1 Bxb5 16. Re1 Nd5 17. Nb1 Re8 18. Nc3 Ba6 19. g3 b5 20. Nxd5 exd5 21. e4 b4
22. exd5 Qxd5 23. Re5 Qd8 24. Qa4 Bb7 25. Ne1 c3 26. Ba1 Qxd4 27. Qxa5 Bc5 28.
Rf5 Re5 29. Rxe5 Qxf2# 0-1

[Event "2023 Perth Chess Club Championship"]
[Site "Woodvale, Perth WA AUS"]
[Date "2023.04.12"]
[Round "1"]
[White "Lanham, Bruce"]
[Black "Wolstencroft, Alan"]
[Result "1/2-1/2"]
[ECO "A49"]
[WhiteElo "1181"]
[BlackElo "1849"]
[PlyCount "60"]
[EventDate "2023.04.12"]
[EventType "swiss"]
[EventRounds "7"]
[EventCountry "AUS"]
[TimeControl "3600+30"]

1. d4 Nf6 2. Nf3 d6 3. g3 g6 4. Bg2 Bg7 5. O-O O-O 6. b3 Nbd7 7. Bb2 c5 8. d5
Nb6 9. c4 Rb8 10. Nbd2 e5 11. dxe6 Bxe6 12. Re1 Qd7 13. e4 Bg4 14. Qc2 Rbd8 15.
Rac1 Bh3 16. Bc3 Bxg2 17. Kxg2 Nc8 18. Rcd1 Rfe8 19. h3 Re7 20. Qb2 Ne8 21.
Bxg7 Nxg7 22. e5 dxe5 23. Nxe5 Qd4 24. Qxd4 Rxd4 25. Nef3 Rd8 26. Rxe7 Nxe7 27.
Re1 Ne6 28. Re2 Kf8 29. h4 h5 30. Ne4 Nc6 1/2-1/2

[Event "2023 Perth Chess Club Championship"]
[Site "Woodvale, Perth WA AUS"]
[Date "2023.04.12"]
[Round "1"]
[White "Hernandez Mendez, Iker"]
[Black "Young, Manfred"]
[Result "1-0"]
[ECO "B22"]
[WhiteElo "1842"]
[BlackElo "1171"]
[PlyCount "33"]
[EventDate "2023.04.12"]
[EventType "swiss"]
[EventRounds "7"]
[EventCountry "AUS"]
[TimeControl "3600+30"]

1. e4 c5 2. c3 e5 3. Nf3 d6 4. d4 cxd4 5. Bc4 Bg4 6. Qb3 Qc7 7. Ng5 Nh6 8. h3
Bh5 9. g4 Bg6 10. f4 Nc6 11. f5 Na5 12. Bb5+ Nc6 13. fxg6 hxg6 14. O-O a6 15.
Bc4 Na5 16. Bxf7+ Nxf7 17. Qe6+ 1-0

[Event "2023 Perth Chess Club Championship"]
[Site "Woodvale, Perth WA AUS"]
[Date "2023.04.12"]
[Round "1"]
[White "Markou, Victor"]
[Black "Roebuck, Derek"]
[Result "0-1"]
[ECO "C44"]
[WhiteElo "1070"]
[BlackElo "1804"]
[PlyCount "68"]
[EventDate "2023.04.12"]
[EventType "swiss"]
[EventRounds "7"]
[EventCountry "AUS"]
[TimeControl "3600+30"]

1. e4 e5 2. Nf3 Nc6 3. g3 Bc5 4. Bg2 Nf6 5. d3 d6 6. O-O h6 7. Nc3 Be6 8. Na4
Bb6 9. Nxb6 axb6 10. a3 O-O 11. b4 Qd7 12. Re1 Nxb4 13. c3 Na6 14. d4 exd4 15.
Nxd4 Nc5 16. Nxe6 fxe6 17. Be3 e5 18. Bxc5 bxc5 19. Qb3+ Kh8 20. Qxb7 Rfb8 21.
Bh3 Rxb7 22. Bxd7 Nxd7 23. Rf1 Rba7 24. f4 exf4 25. Rxf4 Rxa3 26. Raf1 Ne5 27.
g4 Ra1 28. Rf5 Kg8 29. Kg2 Rxf1 30. Rxf1 Nxg4 31. Kg3 Ne5 32. h4 Ra3 33. Rc1
Kf7 34. Kf4 Nd3+ 0-1

[Event "2023 Perth Chess Club Championship"]
[Site "Woodvale, Perth WA AUS"]
[Date "2023.04.12"]
[Round "1"]
[White "Leonhardt, Wolfgang"]
[Black "Bordas, Lindsay"]
[Result "1-0"]
[ECO "C02"]
[WhiteElo "1778"]
[BlackElo "1056"]
[PlyCount "49"]
[EventDate "2023.04.12"]
[EventType "swiss"]
[EventRounds "7"]
[EventCountry "AUS"]
[TimeControl "3600+30"]

1. e4 e6 2. d4 d5 3. e5 c5 4. c3 Nc6 5. Nf3 Be7 6. Bd3 c4 7. Bc2 f6 8. exf6
Bxf6 9. O-O Nge7 10. Re1 O-O 11. Ne5 Qd6 12. f4 Nf5 13. b3 b5 14. g4 Nfe7 15.
Nd2 Bh4 16. Rf1 Nxe5 17. fxe5 Qd8 18. Nf3 Ng6 19. Be3 Nf4 20. Nxh4 Nh3+ 21. Kg2
Qxh4 22. Rxf8+ Kxf8 23. Qf3+ Kg8 24. Rf1 Bd7 25. Qf7+ 1-0

[Event "2023 Perth Chess Club Championship"]
[Site "Woodvale, Perth WA AUS"]
[Date "2023.04.12"]
[Round "1"]
[White "Gough, Sebastian"]
[Black "Gough, Dylan"]
[Result "0-1"]
[ECO "E11"]
[WhiteElo "1052"]
[BlackElo "1745"]
[PlyCount "96"]
[EventDate "2023.04.12"]
[EventType "swiss"]
[EventRounds "7"]
[EventCountry "AUS"]
[TimeControl "3600+30"]

1. Nf3 d5 2. c4 e6 3. e3 Nf6 4. d4 Bb4+ 5. Bd2 Bxd2+ 6. Nbxd2 O-O 7. cxd5 exd5
8. Be2 Bf5 9. O-O Nc6 10. a3 a6 11. h3 Re8 12. b4 Ne4 13. Nxe4 Bxe4 14. b5 axb5
15. Bxb5 Qf6 16. Ne5 Re6 17. f3 Bg6 18. Nxc6 bxc6 19. Bd3 Rxe3 20. Bxg6 Qxg6
21. Re1 Rxe1+ 22. Qxe1 Qe6 23. Qxe6 fxe6 24. Rc1 Ra6 25. Kf2 Kf7 26. g4 Ke7 27.
Rc3 Kd6 28. Ke3 Ra4 29. f4 g6 30. h4 h6 31. Rd3 c5 32. dxc5+ Kxc5 33. Rc3+ Kd6
34. Kf3 c5 35. Rb3 Kc7 36. Kg3 Rd4 37. Rc3 c4 38. a4 Kb6 39. Re3 Re4 40. Rxe4
dxe4 41. Kf2 Ka5 42. Ke3 Kxa4 43. Kxe4 Kb3 44. Ke3 c3 45. h5 c2 46. hxg6 c1=Q+
47. Ke4 Qc2+ 48. Ke5 Qxg6 0-1

[Event "2023 Perth Chess Club Championship"]
[Site "Woodvale, Perth WA AUS"]
[Date "2023.04.12"]
[Round "1"]
[White "Bhatia, Abhay"]
[Black "Frankland, David"]
[Result "1-0"]
[ECO "C41"]
[WhiteElo "1625"]
[BlackElo "1047"]
[PlyCount "117"]
[EventDate "2023.04.12"]
[EventType "swiss"]
[EventRounds "7"]
[EventCountry "AUS"]
[TimeControl "3600+30"]

1. e4 e5 2. Nf3 d6 3. Bc4 h6 4. c3 Nf6 5. d4 Nbd7 6. Qb3 Qe7 7. dxe5 dxe5 8.
Nbd2 Nc5 9. Qc2 a6 10. b4 Ncd7 11. a4 Nb6 12. Bb3 Bg4 13. a5 Nbd7 14. Ba3 Qd8
15. Qa2 Be6 16. Bxe6 fxe6 17. Qxe6+ Qe7 18. Qc4 c6 19. b5 Qf7 20. bxc6 Qxc4 21.
cxd7+ Nxd7 22. Nxc4 Bxa3 23. Rxa3 O-O 24. O-O Rf4 25. Ncxe5 Nxe5 26. Nxe5 Rxe4
27. Nf3 Rf8 28. h3 g5 29. Re1 Ref4 30. Re6 g4 31. hxg4 Rxg4 32. Rxh6 Rxf3 33.
Rb3 Rd3 34. g3 Rd1+ 35. Kg2 Kg7 36. Re6 Kf7 37. Reb6 Rd7 38. Rxb7 Rxb7 39.
Rxb7+ Ke8 40. Rb6 Rc4 41. Rxa6 Rxc3 42. Ra8+ Kd7 43. a6 Ra3 44. f4 Ra2+ 45. Kf3
Kc7 46. Ra7+ Kb6 47. Ra8 Ra3+ 48. Kg4 Ra4 49. Kg5 Kc7 50. f5 Ra5 51. g4 Kd6 52.
Kf6 Kc7 53. g5 Kb6 54. g6 Rxa6 55. Rxa6+ Kxa6 56. g7 Kb7 57. g8=Q Kc6 58. Ke7
Kb7 59. f6 1-0

[Event "2023 Perth Chess Club Championship"]
[Site "Woodvale, Perth WA AUS"]
[Date "2023.04.12"]
[Round "1"]
[White "Garang, Kuol Awan"]
[Black "Curtis, Calan"]
[Result "0-1"]
[ECO "C00"]
[WhiteElo "1619"]
[BlackElo "919"]
[PlyCount "148"]
[EventDate "2023.04.12"]
[EventType "swiss"]
[EventRounds "7"]
[EventCountry "AUS"]
[TimeControl "3600+30"]

1. e4 e6 2. f4 d5 3. e5 c5 4. Nf3 Nc6 5. c3 Qb6 6. d3 Nge7 7. g4 h5 8. gxh5
Rxh5 9. Ng5 Rh8 10. Qg4 Nf5 11. h4 Be7 12. Rh3 Nh6 13. Qh5 Bd7 14. b3 O-O-O 15.
Nxf7 Nxf7 16. Qxf7 Bxh4+ 17. Kd1 c4 18. Be3 cxb3 19. Bxb6 b2 20. Bxd8 bxa1=Q
21. Bxh4 Qxb1+ 22. Ke2 Qc2+ 23. Kf3 Qxc3 24. Kg2 Qd2+ 25. Bf2 Rxh3 26. Qf8+ Nd8
27. Qc5+ Bc6 28. Kxh3 Qxf4 29. Qxa7 Qxe5 30. Bb6 Nf7 31. Qa8+ Qb8 32. Qa3 Kd7
33. d4 Ng5+ 34. Kh4 Qh2+ 35. Kxg5 Qg1+ 36. Kh5 Qxf1 37. Qa8 Qf7+ 38. Kg4 Qe8
39. Qa3 Qg6+ 40. Kf3 Qb1 41. Qa5 Qb5 42. Qa7 Qa6 43. Kf4 Qxa7 44. Bxa7 Ke7 45.
Bc5+ Kf6 46. Bd6 g5+ 47. Kg4 Bb5 48. Be5+ Kg6 49. Kf3 Kf5 50. a3 g4+ 51. Kg3
Be2 52. Kf2 Bf3 53. Ke3 Kg5 54. Bg3 b5 55. Kd3 Kf5 56. Ke3 Kf6 57. Kf4 Kf7 58.
Ke5 Be4 59. Kd6 Kf6 60. Kc5 Bd3 61. Kd6 Kf5 62. Bh2 Ke4 63. Bg1 g3 64. Kxe6 Bc4
65. Kf6 Kf3 66. Kg5 Kg2 67. Be3 Kf1 68. Kf4 g2 69. Kf3 g1=Q 70. Bxg1 Kxg1 71.
Ke3 Kf1 72. Kd2 Kf2 73. Kc2 Ke3 74. Kc3 Ke4 0-1

[Event "2023 Perth Chess Club Championship"]
[Site "Woodvale, Perth WA AUS"]
[Date "2023.04.12"]
[Round "1"]
[White "Rennie, Mike"]
[Black "Michael, Ashley"]
[Result "0-1"]
[ECO "B01"]
[WhiteElo "869"]
[BlackElo "1540"]
[PlyCount "68"]
[EventDate "2023.04.12"]
[EventType "swiss"]
[EventRounds "7"]
[EventCountry "AUS"]
[TimeControl "3600+30"]

1. e4 d5 2. d3 dxe4 3. dxe4 Qxd1+ 4. Kxd1 Nf6 5. Nf3 Nxe4 6. Be3 Nc6 7. Nbd2
Bf5 8. Bc4 e6 9. Ng5 Nxg5 10. Bxg5 f6 11. Bf4 e5 12. Be3 O-O-O 13. c3 e4 14.
Kc1 Ne5 15. Bf1 Be7 16. Kc2 Bc5 17. h3 Bxe3 18. fxe3 Nd3 19. Be2 Nxb2 20. Bg4
Bxg4 21. hxg4 Nd3 22. Nxe4 Rhe8 23. Nd2 Nf2 24. Rxh7 Nxg4 25. Rxg7 Nxe3+ 26.
Kc1 Nf5 27. Rg6 Re1+ 28. Kc2 Rxa1 29. Nb1 Rxa2+ 30. Kb3 Rf2 31. Rxf6 Nd4+ 32.
cxd4 Rxf6 33. Nc3 Rxd4 34. Ne4 Rxe4 0-1

[Event "2023 Perth Chess Club Championship"]
[Site "Woodvale, Perth WA AUS"]
[Date "2023.04.12"]
[Round "1"]
[White "Kerr, Lennon"]
[Black "Oswald, Franz"]
[Result "1-0"]
[ECO "B83"]
[WhiteElo "860"]
[BlackElo "1620"]
[PlyCount "33"]
[EventDate "2023.04.12"]
[EventType "swiss"]
[EventRounds "7"]
[EventCountry "AUS"]
[TimeControl "3600+30"]

1. e4 c5 2. Nf3 e6 3. d4 cxd4 4. Nxd4 Nc6 5. Be3 Nf6 6. Nc3 a6 7. Be2 Be7 8.
O-O Qc7 9. f4 d6 10. Qd2 Bd7 11. Rae1 O-O 12. Nxc6 Bxc6 13. Bd3 b5 14. a3 Rad8
15. e5 dxe5 16. fxe5 Be4 17. exf6 1-0

[Event "2023 Perth Chess Club Championship"]
[Site "Woodvale, Perth WA AUS"]
[Date "2023.04.19"]
[Round "2"]
[White "Roebuck, Derek"]
[Black "Maris, Rob"]
[Result "1/2-1/2"]
[ECO "B48"]
[WhiteElo "1804"]
[BlackElo "2050"]
[PlyCount "37"]
[EventDate "2023.04.12"]
[EventType "swiss"]
[EventRounds "7"]
[EventCountry "AUS"]
[TimeControl "3600+30"]

1. e4 c5 2. Nf3 Nc6 3. d4 cxd4 4. Nxd4 e6 5. Nc3 Qc7 6. Be3 a6 7. g4 b5 8. Nxc6
Qxc6 9. Qd2 b4 10. Ne2 Qxe4 11. Rg1 Qc4 12. Ng3 Qc6 13. Bg2 d5 14. O-O-O Nf6
15. Bf4 Be7 16. g5 Nd7 17. Nf5 Nb6 18. Nxe7 Kxe7 19. Qxb4+ 1/2-1/2

[Event "2023 Perth Chess Club Championship"]
[Site "Woodvale, Perth WA AUS"]
[Date "2023.04.19"]
[Round "2"]
[White "Gough, Dylan"]
[Black "Saxon, Marc"]
[Result "1/2-1/2"]
[ECO "D85"]
[WhiteElo "1745"]
[BlackElo "2014"]
[PlyCount "127"]
[EventDate "2023.04.12"]
[EventType "swiss"]
[EventRounds "7"]
[EventCountry "AUS"]
[TimeControl "3600+30"]

1. d4 Nf6 2. c4 g6 3. Nc3 d5 4. cxd5 Nxd5 5. e4 Nxc3 6. bxc3 Bg7 7. Nf3 c5 8.
Be3 Bg4 9. e5 Qa5 10. Qb3 Nc6 11. Bb5 Bxf3 12. gxf3 cxd4 13. Bxd4 O-O 14. Bxc6
bxc6 15. f4 Rab8 16. Qc4 e6 17. O-O Qd5 18. Qxd5 exd5 19. Bxa7 Rb5 20. Rfb1 Ra5
21. Bb6 Ra6 22. Bc5 Rfa8 23. Rb2 h5 24. Kg2 Bf8 25. Bxf8 Kxf8 26. Kg3 Ra3 27.
Kh4 Rxc3 28. Kg5 Kg7 29. Rb7 Rca3 30. e6 R3a7 31. Rab1 d4 32. f5 gxf5 33. Kxf5
Ra5+ 34. Ke4 Re8 35. Rxf7+ Kh6 36. Kxd4 Rxe6 37. Rb2 Rg6 38. f4 Rg4 39. Rb6 Rg6
40. Rc7 Ra4+ 41. Ke3 Re6+ 42. Kf3 Ra3+ 43. Rb3 Rxa2 44. Rc3 Rxh2 45. R3xc6 Rh3+
46. Kg2 Rhe3 47. Rxe6+ Rxe6 48. Rc5 Rf6 49. Kf3 Kg6 50. Rg5+ Kh6 51. Re5 Rg6
52. f5 Rg1 53. Kf2 Rg4 54. Kf3 Rg7 55. Kf2 Rg8 56. Kf3 Kg5 57. f6+ Kg6 58. f7
Rf8 59. Re7 Kf6 60. Ra7 Rxf7 61. Rxf7+ Kxf7 62. Kg3 Kf6 63. Kh4 Kg6 64. Kh3
1/2-1/2

[Event "2023 Perth Chess Club Championship"]
[Site "Woodvale, Perth WA AUS"]
[Date "2023.04.19"]
[Round "2"]
[White "Browning, Thomas"]
[Black "Gibson, Jacob"]
[Result "0-1"]
[ECO "D31"]
[WhiteElo "1601"]
[BlackElo "1964"]
[PlyCount "48"]
[EventDate "2023.04.12"]
[EventType "swiss"]
[EventRounds "7"]
[EventCountry "AUS"]
[TimeControl "3600+30"]

1. d4 d5 2. c4 e6 3. Nf3 c6 4. Nc3 dxc4 5. e4 b5 6. a4 Bb4 7. Bg5 Qb6 8. Ne5
Nd7 9. Nf3 Ngf6 10. Bd2 Bxc3 11. bxc3 Nxe4 12. Be3 Nxc3 13. Qc2 Nd5 14. a5 Qc7
15. Be2 a6 16. O-O h6 17. Nh4 c5 18. Bf3 Bb7 19. Rfe1 O-O 20. Bxh6 gxh6 21.
Rxe6 N7f6 22. Re5 cxd4 23. Qf5 Rae8 24. Rae1 Bc8 0-1

[Event "2023 Perth Chess Club Championship"]
[Site "Woodvale, Perth WA AUS"]
[Date "2023.04.19"]
[Round "2"]
[White "Michael, Ashley"]
[Black "Laubbacher, Jamie"]
[Result "0-1"]
[ECO "B11"]
[WhiteElo "1540"]
[BlackElo "1904"]
[PlyCount "68"]
[EventDate "2023.04.12"]
[EventType "swiss"]
[EventRounds "7"]
[EventCountry "AUS"]
[TimeControl "3600+30"]

1. e4 c6 2. Nc3 d5 3. Nf3 Nf6 4. e5 Ne4 5. d4 Bg4 6. h3 Nxc3 7. bxc3 Bxf3 8.
Qxf3 e6 9. Be3 Qa5 10. Bd2 Qc7 11. Be2 Be7 12. O-O O-O 13. c4 dxc4 14. Bxc4 Rd8
15. Be3 Nd7 16. Bd3 c5 17. Qe4 g6 18. Rab1 b6 19. c3 Rac8 20. f4 Nb8 21. f5
exf5 22. Rxf5 cxd4 23. Bh6 Qc6 24. Rxf7 Kxf7 25. Rf1+ Kg8 26. Qf4 Rf8 27. Qg4
Rxf1+ 28. Kxf1 Bf8 29. e6 Bxh6 30. Bxg6 Rf8+ 31. Bf7+ Kh8 32. Qxd4+ Bg7 33. Qb4
Na6 34. Qh4 Qxe6 0-1

[Event "2023 Perth Chess Club Championship"]
[Site "Woodvale, Perth WA AUS"]
[Date "2023.04.19"]
[Round "2"]
[White "Barry, David"]
[Black "Kerr, Lennon"]
[Result "1-0"]
[ECO "B01"]
[WhiteElo "1897"]
[BlackElo "860"]
[PlyCount "47"]
[EventDate "2023.04.12"]
[EventType "swiss"]
[EventRounds "7"]
[EventCountry "AUS"]
[TimeControl "3600+30"]

1. e4 d5 2. exd5 Nf6 3. d4 Nxd5 4. c4 Nf6 5. Nf3 Bg4 6. Be2 e6 7. Nc3 Be7 8.
O-O O-O 9. Be3 Nbd7 10. a3 c6 11. Qc2 Qc7 12. Rad1 Nb6 13. Ne4 Nfd7 14. Ng3 f5
15. Bg5 Bf6 16. Bxf6 Nxf6 17. Rfe1 h5 18. Ng5 Qd7 19. Bxg4 fxg4 20. Nxh5 Rae8
21. Qg6 Nc8 22. Nxf6+ Rxf6 23. Qh7+ Kf8 24. Qh8+ 1-0